 Dungeon Crawl Stone Soup version 0.31.0-11-ge490571c62 (webtiles) character file.

Game seed: 14404147824837250677

106348 Aviak the Fighter (level 15, 0/120 HPs)
             Began as a Demonspawn Summoner on Jan 26, 2024.
             Was the Champion of Jiyva.
             Slain by a +3 flail of holy wrath (5 damage)
             ... on level 1 of the Elven Halls.
             The game lasted 01:24:35 (25047 turns).

Aviak the Fighter (Demonspawn Summoner)            Turns: 25047, Time: 01:24:36

Health: 0/120      AC:  3    Str: 15    XL:     15   Next: 97%
Magic:  0/37       EV: 23    Int: 27    God:    Jiyva [******]
Gold:   162        SH:  8    Dex: 21    Spells: 19/32 levels left

rFire   + + +        x - +8 demon trident "Rift" {distort, reach+, !w}
rCold   + + +        P - +2 buckler
rNeg    . . .        v - +2 leather armour {rF+}
rPois   +            i - +1 hat "Sollaw" {Harm rPois Regen+}
rElec   .            g - +0 cloak of Oromok {rC+ Int+3 Slay+2}
rCorr   +            (gloves unavailable)
SInv    .            (no boots)
Will    +....        M - amulet of magic regeneration
Stlth   ++++         G - ring of Internal Strife {rF++ rC++ Int+6 Slay-5}
HPRegen 2.80/turn    H - ring of the Cockroach {*Corrode MP+9 Str+3 Slay+4 Stlth+}
MPRegen 1.70/turn

%: corrode self (3%), harm (+30% outgoing, +20% incoming), guardian spirit
@: corroded, studying Polearms
A: claws 3, repulsion field 2, spiny 1, magic shield, magic regeneration, magic
link, beak, agile 2, poison resistance, strong 1, wild magic 1, evolution 1,
MP-powered wands, sturdy frame 1
a: Renounce Religion, Oozemancy, Slimify


You were on level 1 of the Elven Halls.
You worshipped Jiyva.
Jiyva was exalted by your worship.
You visited 5 branches of the dungeon, and saw 24 of its levels.
You also visited: Ossuary, Gauntlet and Volcano.

You collected 2951 gold pieces.
You spent 2789 gold pieces at shops.

Inventory:

Hand Weapons
 x - the +8 demon trident "Rift" (weapon) {distort, reach+, !w}
   (You found it on level 8 of the Dungeon)
 S - a +0 broad axe of flaming
Armour
 g - the +0 cloak of Oromok (worn) {rC+ Int+3 Slay+2}
   (You found it in a Gauntlet)

   Int+3:     It affects your intelligence (+3).
   Slay+2:    It affects your accuracy & damage with ranged weapons and melee
   (+2).
   rC+:       It protects you from cold.
 i - the +1 hat "Sollaw" (worn) {Harm rPois Regen+}
   (You acquired it on level 4 of the Lair of Beasts)

   rPois:     It protects you from poison Regen+: It increases your rate of
   health regeneration.
   Harm:      It increases damage dealt and taken.
 m - a +2 hat of willpower
 v - a +2 leather armour of fire resistance (worn)
 P - a +2 buckler (worn)
Jewellery
 a - a +6 ring of intelligence
 d - the amulet of Qogin {Acrobat ^Fragile rF+ Str+2 Int+2}
   (You found it in a Gauntlet)

   [amulet of the acrobat]

   Acrobat:   It increases your evasion while moving and waiting.
   Str+2:     It affects your strength (+2).
   Int+2:     It affects your intelligence (+2).
   rF+:       It protects you from fire.
   ^Fragile:  It will be destroyed if unequipped.
 A - an amulet of reflection
 G - the ring of Internal Strife (left claw) {rF++ rC++ Int+6 Slay-5}
   (You found it in a Gauntlet)

   [ring of intelligence]

   Int+6:     It affects your intelligence (+6).
   Slay-5:    It affects your accuracy & damage with ranged weapons and melee
   (-5).
   rF++:      It greatly protects you from fire.
   rC++:      It greatly protects you from cold.
 H - the ring of the Cockroach (right claw) {*Corrode MP+9 Str+3 Slay+4 Stlth+}
   (You found it in a Gauntlet)

   [ring of magical power]

   Str+3:     It affects your strength (+3).
   Slay+4:    It affects your accuracy & damage with ranged weapons and melee
   (+4).
   MP+9:      It affects your magic capacity (+9).
   *Corrode:  It may corrode you when you take damage.
   Stlth+:    It makes you more stealthy.
 M - an amulet of magic regeneration (around neck)
 V - a +5 ring of evasion
Wands
 j - a wand of iceblast (25)
 B - a wand of flame (35)
 K - a wand of mindburst (19)
 O - a wand of charming (16)
 U - a wand of quicksilver (8)
Scrolls
 e - 2 scrolls of enchant armour
 h - 5 scrolls of immolation
 n - a scroll of amnesia
 q - 4 scrolls of revelation
 r - 4 scrolls of fear
 t - 6 scrolls of teleportation
 w - a scroll of poison
 y - 2 scrolls of enchant weapon
 N - 3 scrolls of fog
 R - a scroll of brand weapon
 T - a scroll of vulnerability {!r}
 W - a scroll of silence {!r}
 Y - a scroll of noise {unknown}
Potions
 b - 3 potions of magic
 c - 9 potions of curing
 f - 5 potions of haste
 k - a potion of mutation {!q}
 l - 3 potions of cancellation
 o - a potion of heal wounds {unknown}
 p - 2 potions of invisibility
 s - 2 potions of enlightenment
 u - 2 potions of resistance
 z - a potion of brilliance
 C - 5 potions of berserk rage
 D - 2 potions of might
 F - a potion of attraction
 J - a potion of experience {unknown}
 Z - 4 potions of ambrosia
Miscellaneous
 I - a lightning rod (4/4)
 L - a phantom mirror
 Q - a phial of floods
 X - a condenser vane


   Skills:
 - Level 12.0 Fighting
 - Level 12.0 Polearms
 - Level 5.3 Armour
 - Level 12.0 Dodging
 - Level 3.2 Stealth
 + Level 4.5 Shields
 - Level 9.0 Spellcasting
 - Level 10.0 Summonings
 - Level 7.0 Ice Magic
 - Level 6.1 Air Magic
 + Level 7.9 Evocations


You had 19 spell levels left.
You knew the following spells:

 Your Spells              Type           Power      Damage    Failure   Level
a - Summon Small Mammal   Summ           100%       N/A       1%          1
b - Call Imp              Summ           100%       N/A       1%          2
c - Call Canine Familiar  Summ           72%        N/A       1%          3
d - Summon Lightning Spi  Summ/Air       64%        N/A       4%          4
e - Frozen Ramparts       Ice            100%       1d16      2%          3

Your spell library contained the following spells:

 Spells                   Type           Power      Damage    Failure   Level
 Freeze                   Ice            100%       1d10      1%          1
 Hailstorm                Conj/Ice       40%        3d9       8%          3
 Apportation              Tloc           30%        N/A       10%         1
 Necrotise                Necr           60%        1d7       10%         1
 Slow                     Hex            60%        N/A       10%         1
 Sting                    Conj/Alch      60%        1d6       10%         1
 Martyr's Knell           Necr/Summ      50%        N/A       13%         4
 Summon Blazeheart Golem  Fire/Summ      50%        N/A       13%         4
 Scorch                   Fire           30%        2d6       14%         2
 Summon Cactus Giant      Summ           36%        N/A       22%         6
 Confusing Touch          Hex            15%        N/A       26%         3
 Inner Flame              Hex/Fire       15%        N/A       26%         3
 Sigil of Binding         Hex            15%        N/A       26%         3
 Vampiric Draining        Necr           15%        2d7       26%         3
 Summon Forest            Summ/Tloc      25%        N/A       30%         5
 Metabolic Englaciation   Hex/Ice        20%        N/A       47%         5
 Flame Wave               Conj/Fire      15%        2d7       63%         4
 Ignite Poison            Fire/Alch      15%        N/A       63%         4
 Leda's Liquefaction      Alch/Erth      7%         N/A       63%         4
 Petrify                  Alch/Erth      15%        N/A       63%         4
 Summon Hydra             Summ           36%        N/A       73%         7
 Curse of Agony           Necr           15%        N/A       91%         5
 Lee's Rapid Deconstruct  Erth           7%         3d7*      91%         5
 Bombard                  Conj/Erth      7%         9d2       100%        6
 Eringya's Noxious Bog    Alch           7%         4d6       100%        6


Dungeon Overview and Level Annotations

Branches:
Dungeon (15/15)            Temple (1/1) D:6            Lair (5/5) D:9
  Swamp (0/4) Lair:3       Spider (0/4) Lair:3        Slime (0/5) Lair:4
    Orc (2/2) D:11            Elf (1/3) Orc:2        Vaults (0/5) D:14
 Depths (0/4) D:15        Ossuary (visited)         Volcano (visited)
Gauntlet (visited)

Altars:
Ashenzari
Cheibriados
Dithmenos
Fedhas
Gozag
Hepliaklqana
Kikubaaqudgha
Makhleb
Nemelex Xobeh
Okawaru
Qazlal
Ru
Sif Muna
Trog
Uskayaw
Vehumet
Wu Jian
Xom
Yredelemnul
Jiyva

Shops:
D:1 =   D:15 ?   Orc:2 :[(:!**

Portals:
Abyss: D:8
Trove: D:15 (give +6 demon whip)

Annotations:
D:6 3 runed translucent doors, NitroKuite's ghost, novice DEEE; Turgor's ghost, novice TrSh; graki42's ghost, novice GnCj; inmateoo's ghost, amateur GnWn; vico's ghost, novice DsFi
Lair:5 exclusion: obsidian statue
Abyss:1 Azrael


Innate Abilities, Weirdness & Mutations

You have claws for hands.
You are surrounded by a moderate repulsion field. (EV +3)
You are partially covered in sharp spines.
When hurt, damage is shared between your health and your magic reserves.
You regenerate magic rapidly.
When low on magic, you restore magic in place of health.
You have a beak for a mouth.
You are very agile. (Dex +8, Str/Int -2)
Your system is resistant to poisons. (rPois)
Your muscles are strong. (Str +4, Int/Dex -1)
Your spells are a little harder to cast, but a little more powerful.
You have hidden genetic potential.
You expend magic power (3 MP) to strengthen your wands.
Your movements are slightly less encumbered by armour. (ER -2)


Message History

* * * LOW HITPOINT WARNING * * *
The deep elf death mage is healed by the life force!
The deep elf zephyrmancer is struck by your spines.
The deep elf zephyrmancer hits you with a +0 dagger.
As you read the scroll of fear, it crumbles to dust.
You assume a fearsome visage.
The deep elf zephyrmancer looks frightened! x3
The +3 flail of holy wrath is unaffected.
The deep elf death mage resists with some effort.
The fire elemental is unaffected. x2
The liquid fire burns you!
* * * LOW HITPOINT WARNING * * *
The +3 flail of holy wrath closely misses you.
The fire elemental is struck by your spines.
The fire elemental barely misses you.
The fire elemental is struck by your spines.
The fire elemental hits you. The fire elemental burns you! You resist.
* * * LOW HITPOINT WARNING * * *
The deep elf zephyrmancer casts a spell.
The deep elf zephyrmancer blinks!
The deep elf zephyrmancer gestures wildly while chanting.
The deep elf zephyrmancer blinks!
The deep elf zephyrmancer casts a spell.
The deep elf zephyrmancer blinks!
The deep elf death mage barely misses you.
Unknown command.
Okay, then.
You shake off the liquid fire.
The +3 flail of holy wrath attacks as it pursues you!
The +3 flail of holy wrath is struck by your spines.
The +3 flail of holy wrath hits you!
* * * LOW HITPOINT WARNING * * *
You convulse.
* * * LOW HITPOINT WARNING * * *
You block the fire elemental's attack.
The +3 flail of holy wrath is struck by your spines.
The +3 flail of holy wrath hits you!
* * * LOW HITPOINT WARNING * * *
You convulse!
You die...

####.###
......#
#....e#
#.....#
#.###.....###
'.#..§..#.+
#$###e☼§..###
#.'§#.E(e.#.+
#.###e@E§.###
#.'.#....§#.+
#####.....###
#..<..#
#.....#
#######


You could see a deep elf death mage, 3 deep elf zephyrmancers, 2 fire elementals
and a +3 flail of holy wrath.

Vanquished Creatures
  Gastronok (Lair:1)
  Nessos (Lair:3)
  2 dire elephants (Lair:5)
  Snorg (Orc:1)
  An ettin (D:15)
  Fannar (D:10)
  4 hydras
  A catoblepas (D:15)
  2 centaur warriors
  An anaconda (Lair:5)
  3 boulder beetles
  4 two-headed ogres
  2 death yaks
  4 orc high priests
  3 tengu warriors
  A spectral dire elephant (Lair:5)
  3 hell knights (Volcano)
  The ghost of NitroKuite the Mimic, a novice OpSh of Cheibriados (D:8)
  A sun demon (Volcano)
  Sonja (Orc:2)
  Urug (Lair:3)
  3 skeletal warriors (D:14)
  A spectral death yak (Lair:5)
  A skyshark (Lair:3)
  4 orc sorcerers
  3 manticores
  2 deep elf pyromancers (Elf:1)
  3 necromancers (Lair:5)
  9 ugly things
  An oklob plant (Lair:1)
  5 cyclopes
  A worldbinder (Gauntlet)
  Maurice (D:9)
  8 black mambas
  16 elephants
  2 smoke demons (Volcano)
  A cane toad (shapeshifter) (D:14)
  11 cane toads
  3 gargoyles
  2 torpor snails
  A dire elephant skeleton (Lair:5)
  4 unseen horrors
  A kobold demonologist (D:14)
  3 rime drakes
  3 tengu conjurers
  2 efreet (D:14)
  An ancient zyme (D:8)
  7 komodo dragons
  8 trolls
  3 red devils (Volcano)
  17 blink frogs
  2 spectral elephants (Lair:5)
  A small abomination (D:8)
  2 shadows (D:11)
  A wraith (D:12)
  3 wyverns
  2 fire elementals (Orc:2)
  A basilisk (Lair:2)
  A warg (Orc:1)
  36 yaks
  A death yak simulacrum (Lair:5)
  2 steam dragons
  6 vampire mosquitoes
  3 redbacks
  2 spectral cane toads (Lair:5)
  7 water moccasins
  An acid dragon (D:13)
  5 nameless horrors
  5 hell hounds
  2 ice beasts
  17 orc warriors
  An elephant zombie (Lair:5)
  4 laughing skulls (D:14)
  An elephant skeleton (Lair:5)
  7 boggarts
  3 ogres
  12 wolves
  10 centaurs
  4 phantoms
  2 elf zombies (Ossuary)
  Blork the orc (D:6)
  A kobold brigand (D:8)
  10 bullfrogs
  An elf skeleton (D:4)
  3 cane toad simulacra (Lair:5)
  3 elephant simulacra (Lair:5)
  3 killer bees (D:10)
  4 electric eels
  6 howler monkeys
  2 gnoll boudas
  8 jellies (Lair:4)
  34 orc priests
  An iguana (D:4)
  2 sleepcaps
  37 orc wizards
  6 hell rats
  3 mummies (Ossuary)
  5 adders
  7 gnolls
  A shadow imp (D:8)
  A white imp (D:6)
  3 dart slugs
  2 ribbon worms
  85 orcs
  6 bats
  9 endoplasms
  4 giant cockroaches
  8 goblins
  2 hobgoblins (D:2)
  3 jackals
  6 kobolds
  3 quokkas
  2 ball pythons
  6 frilled lizards
  A gnoll zombie (Ossuary)
  A kobold zombie (Ossuary)
  2 orc skeletons (D:4)
  An orc zombie (D:4)
  5 rats
598 creatures vanquished.

Vanquished Creatures (collateral kills)
  An ironbound preserver (D:14)
  A dire elephant (Lair:5)
  A two-headed ogre (D:8)
  A spectral dire elephant (Lair:5)
  A spriggan druid (Lair:3)
  A deep troll (D:15)
  A spectral anaconda (Lair:5)
  2 oklob plants (Lair:1)
  10 elephants (Lair:4)
  A manticore (D:14)
  A black mamba (Lair:1)
  3 cane toads
  4 komodo dragons
  A hornet (Lair:3)
  9 blink frogs
  8 yaks
  A warg (D:9)
  A wyvern (D:9)
  A hell hound (Volcano)
  2 water moccasins
  A sky beast (D:8)
  2 orc warriors
  A black bear (D:5)
  5 ogres
  A centaur (D:9)
  3 wolves (Lair:2)
  5 bullfrogs
  3 scorpions
  A bombardier beetle (D:7)
  A human zombie (Ossuary)
  An orc priest (D:6)
  2 hounds
  6 jellies
  3 hell rats
  4 orc wizards
  A hound zombie (Ossuary)
  A mummy (Ossuary)
  8 gnolls
  An adder (D:6)
  An adder zombie (Ossuary)
  2 dart slugs
  17 orcs
  3 endoplasms
  A giant cockroach (D:1)
  4 goblins
  2 hobgoblins
  2 jackals (D:1)
  3 kobolds
  A quokka (D:4)
  A ball python (D:2)
  A gnoll zombie (Ossuary)
  A goblin zombie (Ossuary)
  A hobgoblin zombie (Ossuary)
  A jackal zombie (Ossuary)
  3 orc zombies
  A rat (D:1)
146 creatures vanquished.

Vanquished Creatures (others)
  A glowing orange brain (Gauntlet)
  A spriggan druid (Lair:3)
  2 ugly things (Gauntlet)
  A cyclops (D:12)
  A meliai (D:14)
  A tengu conjurer (D:15)
  A troll (D:12)
  2 slime creatures
  A yak (Lair:3)
  A shadow (D:12)
  A basilisk (D:13)
  A black bear (shapeshifter) (D:15)
  A centaur (D:11)
  29 jellies
  An orc priest (Orc:1)
  4 orcs
  2 goblins (D:12)
51 creatures vanquished.

Grand Total: 795 creatures vanquished

Notes
Turn   | Place    | Note
-------+----------+-------------------------------------------
     0 | D:1      | Aviak the Demonspawn Summoner began the quest for the Orb.
     0 | D:1      | Reached XP level 1. HP: 13/13 MP: 3/3
   270 | D:1      | Gained mutation: You regenerate magic rapidly. [demonic
                  | ancestry]
   270 | D:1      | Reached XP level 2. HP: 15/19 MP: 3/5
   333 | D:1      | Learned a level 2 spell: Call Imp
   710 | D:1      | Reached XP level 3. HP: 24/24 MP: 6/6
   756 | D:1      | Found Hoenej's Jewellery Shoppe.
  1507 | D:2      | Gained mutation: When hurt, damage is shared between your
                  | health and your magic reserves. [demonic ancestry]
  1507 | D:2      | Reached XP level 4. HP: 30/30 MP: 4/7
  1943 | D:2      | Gained mutation: You are surrounded by a mild repulsion
                  | field. (EV +2) [demonic ancestry]
  1943 | D:2      | Reached XP level 5. HP: 22/35 MP: 2/9
  2274 | D:3      | Learned a level 3 spell: Call Canine Familiar
  2714 | D:3      | Found a shadowy altar of Dithmenos.
  2895 | D:3      | Reached skill level 1 in Fighting
  2895 | D:3      | Reached skill level 5 in Summonings
  3089 | D:4      | Gained mutation: You have sharp fingernails. [demonic
                  | ancestry]
  3089 | D:4      | Reached XP level 6. HP: 31/43 MP: 6/10
  3422 | D:4      | Reached XP level 7. HP: 14/51 MP: 3/12
  3630 | D:4      | Found a sand-covered staircase.
  3636 | Ossuary  | Entered an ossuary
  3682 | Ossuary  | Reached skill level 5 in Dodging
  4197 | D:4      | Found a shimmering altar of Xom.
  4470 | D:5      | Entered Level 5 of the Dungeon
  4484 | D:5      | Reached XP level 8. HP: 61/61 MP: 14/14
  4522 | D:5      | Reached skill level 5 in Fighting
  4537 | D:5      | Found a radiant altar of Vehumet.
  4704 | D:5      | Learned a level 4 spell: Summon Lightning Spire
  4942 | D:5      | Found a stormy altar of Qazlal.
  5075 | D:6      | Found a sparkling altar of Nemelex Xobeh.
  5145 | D:6      | Reached skill level 1 in Air Magic
  5200 | D:6      | Found a staircase to the Ecumenical Temple.
  5210 | Temple   | Entered the Ecumenical Temple
  5347 | D:6      | Gained mutation: You are partially covered in sharp spines.
                  | [demonic ancestry]
  5347 | D:6      | Reached XP level 9. HP: 71/71 MP: 15/15
  5437 | D:6      | Noticed Blork the orc
  5450 | D:6      | Killed Blork the orc
  5695 | D:6      | Found a runed translucent gate.
  5695 | D:6      | Noticed graki42's ghost (novice GnCj)
  5696 | D:6      | Found a runed translucent gate.
  5696 | D:6      | Noticed vico's ghost (novice DsFi)
  5696 | D:6      | Noticed NitroKuite's ghost (novice DEEE)
  5696 | D:6      | Noticed inmateoo's ghost (amateur GnWn)
  5697 | D:6      | Found a runed translucent gate.
  5697 | D:6      | Noticed Turgor's ghost (novice TrSh)
  5976 | D:7      | Learned a level 3 spell: Frozen Ramparts
  6039 | D:7      | Reached skill level 1 in Ice Magic
  7221 | D:8      | Noticed a two-headed ogre
  7241 | D:8      | Killed a two-headed ogre
  7242 | D:8      | Reached skill level 5 in Ice Magic
  7486 | D:8      | Noticed an ancient zyme
  7494 | D:8      | Found a transporter.
  7496 | D:8      | Found a transporter.
  7502 | D:8      | Found the +8 demon trident "Rift" {distort, reach+}
  7884 | D:8      | Reached skill level 1 in Armour
  7884 | D:8      | Reached XP level 10. HP: 55/79 MP: 14/16
  8493 | D:9      | Noticed Maurice
  8514 | D:9      | Maurice stole a ring of protection from fire
  8517 | D:9      | Killed Maurice
  8789 | D:9      | Identified the +2 leather armour of Okawaru's Generosity
                  | {rCorr}
  8908 | D:9      | Reached skill level 5 in Armour
  9242 | D:9      | Reached skill level 1 in Polearms
  9399 | D:9      | Found a sacrificial altar of Ru.
  9425 | D:9      | Found a staircase to the Lair.
  9521 | Lair:1   | Entered Level 1 of the Lair of Beasts
  9524 | Lair:1   | Noticed a cane toad
  9554 | Lair:1   | Noticed a black mamba
  9676 | D:9      | Killed a black mamba
  9856 | Lair:1   | Noticed a death yak
  9856 | Lair:1   | Noticed Gastronok
  9856 | Lair:1   | Noticed a cane toad
 10096 | Lair:1   | Noticed a torpor snail
 10109 | D:9      | Killed a cane toad
 10110 | D:9      | Reached skill level 5 in Air Magic
 10110 | D:9      | Gained mutation: You are surrounded by a moderate repulsion
                  | field. (EV +3) [demonic ancestry]
 10110 | D:9      | Reached XP level 11. HP: 37/84 MP: 8/17
 10279 | D:9      | Reached skill level 5 in Polearms
 10486 | D:9      | HP: 5/126 [death yak[a torpor snail] (12)]
 10720 | D:9      | Killed a death yak
 10922 | Lair:1   | Killed Gastronok
 11163 | Lair:1   | Noticed an oklob plant
 11175 | Lair:1   | Gained mutation: Your body sometimes deteriorates upon
                  | taking damage. [potion of mutation]
 11175 | Lair:1   | Gained mutation: You occasionally lose the ability to read
                  | scrolls when taking damage. [potion of mutation]
 11175 | Lair:1   | Gained mutation: You are resistant to electric shocks.
                  | (rElec) [potion of mutation]
 11175 | Lair:1   | Gained mutation: You have hidden genetic potential. [potion
                  | of mutation]
 11185 | Lair:1   | Reached skill level 5 in Spellcasting
 11497 | Lair:1   | Identified the +4 hand axe of Bocluf {distort, ^Fragile
                  | Str+5}
 11844 | Lair:1   | Gained mutation: You have very sharp fingernails. [demonic
                  | ancestry]
 11844 | Lair:1   | Reached XP level 12. HP: 94/94 MP: 12/20
 13603 | Lair:2   | Gained mutation: You have very sharp teeth. [hidden
                  | potential]
 13674 | Lair:2   | Lost mutation: Your body sometimes deteriorates upon taking
                  | damage. [potion of mutation]
 13674 | Lair:2   | Lost mutation: You have very sharp teeth. [potion of
                  | mutation]
 13674 | Lair:2   | Lost mutation: You have hidden genetic potential. [potion
                  | of mutation]
 13674 | Lair:2   | Gained mutation: Potions are less effective at restoring
                  | your health. [potion of mutation]
 13674 | Lair:2   | Gained mutation: You expend magic power (3 MP) to
                  | strengthen your wands. [potion of mutation]
 13674 | Lair:2   | Gained mutation: You have a beak for a mouth. [potion of
                  | mutation]
 13811 | Lair:2   | Noticed a five-headed hydra
 13818 | Lair:2   | Killed a five-headed hydra
 13901 | Lair:2   | Reached skill level 10 in Fighting
 14589 | Lair:3   | Found a hole to the Spider Nest.
 14603 | Lair:3   | Noticed Nessos
 14827 | Lair:3   | Killed Nessos
 15037 | Lair:3   | Reached skill level 10 in Dodging
 15041 | Lair:3   | Gained mutation: When low on magic, you restore magic in
                  | place of health. [demonic ancestry]
 15041 | Lair:3   | Reached XP level 13. HP: 74/104 MP: 23/23
 15210 | Lair:3   | Noticed Urug
 15224 | Lair:3   | Killed Urug
 15361 | Lair:3   | Found a staircase to the Swamp.
 16600 | Lair:4   | Identified 3 scrolls of acquirement
 16605 | Lair:4   | Acquired the +1 hat "Sollaw" {Harm rPois Regen+}
 16619 | Lair:4   | Acquired 899 gold pieces
 16657 | Lair:4   | Found a staircase to the Slime Pits.
 16662 | Lair:4   | Found a viscous altar of Jiyva.
 16695 | Lair:4   | Became a worshipper of Jiyva Jemed the Shapeless
 17193 | Lair:5   | Entered Level 5 of the Lair of Beasts
 17235 | Lair:5   | Found a dark tunnel.
 17249 | Volcano  | Entered a volcano
 17378 | Volcano  | Found a large runed translucent door.
 17378 | Volcano  | Found a large runed translucent door.
 17420 | Volcano  | Found a large runed translucent door.
 17421 | Volcano  | Found a large runed translucent door.
 17458 | Volcano  | Found a large runed translucent door.
 17458 | Volcano  | Found a large runed translucent door.
 17460 | Volcano  | Found a large runed translucent door.
 17460 | Volcano  | Reached * piety under Jiyva
 17476 | Volcano  | Gained mutation: You have claws for hands. [demonic
                  | ancestry]
 17476 | Volcano  | Reached XP level 14. HP: 46/115 MP: 12/24
 17485 | Volcano  | Found a large runed translucent door.
 17515 | Volcano  | Found a large runed translucent door.
 17515 | Volcano  | Found a large runed translucent door.
 17537 | Volcano  | Found a large runed translucent door.
 17537 | Volcano  | Found a large runed translucent door.
 17548 | Volcano  | Found a large runed translucent door.
 17548 | Volcano  | Found a large runed translucent door.
 17902 | Lair:5   | Found a shimmering altar of Xom.
 18284 | Lair:5   | Reached skill level 10 in Polearms
 18394 | Lair:5   | Reached ** piety under Jiyva
 18599 | Lair:5   | HP: 4/115 [dire elephant (18)]
 19178 | D:8      | Noticed NitroKuite's ghost (novice OpSh)
 19193 | D:8      | Killed NitroKuite's ghost
 19205 | D:8      | Found a one-way gate to the infinite horrors of the Abyss.
 19312 | D:10     | Entered Level 10 of the Dungeon
 19419 | D:10     | Noticed Fannar
 19430 | D:10     | Killed Fannar
 19601 | D:10     | Found a blossoming altar of Fedhas.
 19639 | D:10     | Reached *** piety under Jiyva
 19639 | D:10     | Lost mutation: You have a beak for a mouth. [Jiyva's grace]
 19639 | D:10     | Lost mutation: You are resistant to electric shocks.
                  | (rElec) [Jiyva's grace]
 19639 | D:10     | Lost mutation: Potions are less effective at restoring your
                  | health. [Jiyva's grace]
 19639 | D:10     | Lost mutation: You occasionally lose the ability to read
                  | scrolls when taking damage. [Jiyva's grace]
 19639 | D:10     | Gained mutation: Your spells are a little harder to cast,
                  | but a little more powerful. [Jiyva's grace]
 19639 | D:10     | Gained mutation: Your spells are harder to cast, but more
                  | powerful. [Jiyva's grace]
 19639 | D:10     | Gained mutation: Your spells are much harder to cast, but
                  | much more powerful. [Jiyva's grace]
 19639 | D:10     | Gained mutation: You have a beak for a mouth. [Jiyva's
                  | grace]
 19862 | D:11     | Reached skill level 1 in Evocations
 20244 | D:11     | Found a staircase to the Orcish Mines.
 20349 | D:11     | Reached **** piety under Jiyva
 20465 | Orc:1    | Entered Level 1 of the Orcish Mines
 20851 | Orc:2    | Entered Level 2 of the Orcish Mines
 20851 | Orc:2    | Noticed Azrael
 20851 | Orc:2    | Noticed Sonja
 20851 | Orc:2    | Noticed Snorg
 20851 | Orc:2    | Found Pereqih's General Store.
 20851 | Orc:2    | Found a staircase to the Elven Halls.
 20884 | Orc:2    | Found Gufeywn's Distillery.
 20893 | Orc:2    | Bought a potion of resistance for 150 gold pieces
 20893 | Orc:2    | Bought a potion of curing for 45 gold pieces
 20893 | Orc:2    | Bought a potion of haste for 150 gold pieces
 20893 | Orc:2    | Bought a potion of cancellation for 120 gold pieces
 20893 | Orc:2    | Bought a potion of curing for 45 gold pieces
 20893 | Orc:2    | Bought a potion of cancellation for 120 gold pieces
 20893 | Orc:2    | Bought a potion of curing for 45 gold pieces
 21055 | Orc:1    | Killed Snorg
 21056 | Orc:1    | Reached XP level 15. HP: 113/120 MP: 25/25
 21344 | Orc:1    | Reached skill level 5 in Evocations
 21377 | Orc:2    | Killed Sonja
 21416 | Orc:2    | Banished Azrael
 21569 | Orc:2    | Bought a potion of haste for 170 gold pieces
 21569 | Orc:2    | Bought a potion of might for 68 gold pieces
 21569 | Orc:2    | Bought a potion of haste for 170 gold pieces
 21569 | Orc:2    | Bought a manual of Polearms for 1360 gold pieces
 21569 | Orc:2    | Bought a potion of mutation for 136 gold pieces
 21589 | Orc:2    | Found Gal Pej's Assorted Antiques.
 21597 | Orc:2    | Bought a fizzy white potion for 23 gold pieces
 21597 | Orc:2    | Acquired the ring "Luerun" {rF+ MP+9}
 21613 | Orc:2    | Reached ***** piety under Jiyva
 21613 | Orc:2    | Gained mutation: Your muscles are strong. (Str +4, Int/Dex
                  | -1) [Jiyva's grace]
 21613 | Orc:2    | Gained mutation: Your muscles are very strong. (Str +8,
                  | Int/Dex -2) [Jiyva's grace]
 21613 | Orc:2    | Gained mutation: You have hidden genetic potential.
                  | [Jiyva's grace]
 21613 | Orc:2    | Gained mutation: You have great hidden genetic potential.
                  | [Jiyva's grace]
 21673 | Orc:2    | Found Zottik's Book Emporium.
 21673 | Orc:2    | Found Byuhatz's Antique Weapon Emporium.
 21674 | Orc:2    | Found Fotaent's Book Shoppe.
 21678 | Orc:2    | Found Wiopum's Armour Shoppe.
 22210 | D:12     | Found an iron altar of Okawaru.
 22327 | D:13     | Found a gate leading to a gauntlet.
 22341 | Gauntlet | Entered a Gauntlet
 22341 | Gauntlet | Found a transporter.
 22341 | Gauntlet | Found a transporter.
 22343 | Gauntlet | Found a transporter.
 22358 | Gauntlet | Found a transporter.
 22373 | Gauntlet | Found a transporter.
 22375 | Gauntlet | Found a transporter.
 22375 | Gauntlet | Found a transporter.
 22387 | Gauntlet | Found a transporter.
 22403 | Gauntlet | Found a transporter.
 22413 | Gauntlet | Found a transporter.
 22428 | Gauntlet | Found a transporter.
 22440 | Gauntlet | Found a transporter.
 22447 | Gauntlet | Found a transporter.
 22463 | Gauntlet | Found a transporter.
 22492 | Gauntlet | Identified the +0 cloak of Oromok {rC+ Int+3 Slay+2}
 22610 | Gauntlet | Identified the ring of the Cockroach {*Corrode MP+9 Str+3
                  | Slay+4 Stlth+}
 22635 | Gauntlet | Identified the amulet of Qogin {Acrobat ^Fragile rF+ Str+2
                  | Int+2}
 22635 | Gauntlet | Identified the ring of Internal Strife {rF++ rC++ Int+6
                  | Slay-5}
 23030 | D:13     | Reached ****** piety under Jiyva
 23384 | D:14     | Reached skill level 1 in Shields
 23442 | D:14     | Lost mutation: Your muscles are very strong. (Str +8,
                  | Int/Dex -2) [Jiyva's grace]
 23442 | D:14     | Lost mutation: Your spells are much harder to cast, but
                  | much more powerful. [Jiyva's grace]
 23442 | D:14     | Lost mutation: Your spells are harder to cast, but more
                  | powerful. [Jiyva's grace]
 23442 | D:14     | Lost mutation: You have great hidden genetic potential.
                  | [Jiyva's grace]
 23442 | D:14     | Gained mutation: Your system is resistant to poisons.
                  | (rPois) [Jiyva's grace]
 23442 | D:14     | Gained mutation: You are agile. (Dex +4, Str/Int -1)
                  | [Jiyva's grace]
 23442 | D:14     | Gained mutation: You are very agile. (Dex +8, Str/Int -2)
                  | [Jiyva's grace]
 23442 | D:14     | Gained mutation: Your movements are slightly less
                  | encumbered by armour. (ER -2) [Jiyva's grace]
 23500 | D:14     | Reached skill level 10 in Summonings
 23726 | D:14     | Found a gate to the Vaults.
 24133 | D:15     | Entered Level 15 of the Dungeon
 24291 | D:15     | Identified the beast talisman "Vejyu" {rF++ Dex-2}
 24407 | D:15     | Found a staircase to the Depths.
 24599 | D:15     | Found a portal to a secret trove of treasure.
 24747 | D:15     | Got the Atlas of the Cucurbite and Causimancy
 24772 | D:15     | Found Voethriti's Magic Scroll Shoppe.
 24776 | D:15     | Bought a scroll of fog for 68 gold pieces
 24776 | D:15     | Bought a scroll of fear for 68 gold pieces
 24776 | D:15     | Bought a scroll of teleportation for 51 gold pieces
 25030 | Elf:1    | Entered Level 1 of the Elven Halls
 25047 | Elf:1    | HP: 5/120 [+3 flail of holy wrath (10)]
 25047 | Elf:1    | Slain by a +3 flail of holy wrath

Illustrated notes

Levels and vault maps discovered:
D:1:      kennysheep_arrival_seaside, layout_basic, serial_shops,
          nicolae_shop_waterfront
D:2:      layout_basic, chequers_jeans, kennysheep_generic_room_11
D:3:      layout_basic, mainiacjoe_overflow_cross_hatched
D:4:      layout_loops_cross, kennysheep_mini, nicolae_ossuary_entry_catacombs,
          chequers_decorated_corner, hangedman_abyss_or_decor_lesser_grid,
          kennysheep_generic_room_5
D:5:      layout_rooms, kennysheep_mini_moat, vehumet_altar_wand_db,
          serial_glass, glass_columns_c, glass_columns_a
D:6:      layout_loops_cross, nemelex_xobeh_ov_fountains_minmay,
          minmay_temple_entry_stoned_glass, gammafunk_ghost_cemetery,
          uniq_blork_the_orc
D:7:      layout_loops_corners, water_maze_lemuel
D:8:      layout_cave_pods, zin_academy, gammafunk_ghost_abyssal_escape,
          special_room [special_room_orc], chequers_serial_rivers_small_3
D:9:      layout_basic, nicolae_ru_path_of_blood, erik_lair_orcish_takeover,
          hangedman_decor_points, uniq_maurice
D:10:     layout_basic, gammafunk_temple_overflow_elements, uniq_fannar
D:11:     layout_basic, minmay_orc_entry_temple_small,
          kennysheep_generic_room_13
D:12:     layout_rooms, kennysheep_okawaru_gauntlet
D:13:     layout_basic, gauntlet_entry_generic
D:14:     layout_basic, skrybe_vaults_entry_preservation
D:15:     hangedman_depths_entry_civil_slaughter, layout_long_grid,
          serial_shops, nicolae_shop_back_alley_shop, trove_entry_hex_spiral
Temple:   oiseaux_autumnal_temple
Lair:1:   minmay_lair_oklob_chamber, layout_layer_cave, grunt_megastairs_4,
          lemuel_fruit_tree, uniq_gastronok
Lair:2:   layout_hall_layers
Lair:3:   layout_concentric_octagons, mainiacjoe_swamp_entry_angry_trees,
          spider_nest_entry_webs, uniq_urug, uniq_nessos
Lair:4:   layout_cave_pods, minmay_slime_entry_jelly_boxes, minmay_lindwurm_lava
Lair:5:   due_jungle_book, layout_misc_corridors, basic_altar,
          nicolae_volcano_entry_lava_flow, grunt_forest_large_clearings,
          serial_bayou_shore_a
Orc:1:    layout_caves
Orc:2:    st_orc_mages, layout_caves, serial_shops, shop, shop, shop,
          basic_altar, uniq_azrael, uniq_sonja, uniq_snorg
Elf:1:    minmay_elf_arrival_summoners, layout_geoelf_grid, serial_shops,
          nicolae_shop_real_fake_doors, nicolae_elf_crossing_hall

Skill      XL: |  1  2  3  4  5  6  7  8  9 10 11 12 13 14 15 |
---------------+----------------------------------------------+-----
Dodging        | 2 3 4 5 6 7 8 10 11 12 | 12.0
Stealth        | 2 3 |  3.2
Spellcasting   | 3 4 5 7 9 |  9.0
Fighting       | 1 2 4 6 7 8 10 12 | 12.0
Summonings     | 5 7 8 9 10 | 10.0
Air Magic      | 1 2 5 6 |  6.1
Ice Magic      | 6 7 |  7.0
Armour         | 1 5 |  5.3
Polearms       | 4 5 7 12 | 12.0
Evocations     | 4 7 |  7.9
Shields        | 4 |  4.5

Action                     |  1- 3 |  4- 6 |  7- 9 | 10-12 | 13-15 || total
---------------------------+-------+-------+-------+-------+-------++-------
  Melee: Dagger            |   114 |   256 |   293 |       |       ||   663
         Unarmed           |     9 |       |       |       |       ||     9
         Punch             |     1 |       |     8 |     7 |       ||    16
         Trident           |       |       |   187 |   503 |   643 ||  1333
         Peck              |       |       |       |    21 |   267 ||   288
         Bite              |       |       |       |     1 |       ||     1
         Demon trident     |       |       |       |       |   604 ||   604
   Cast: Summon Small Mamm |     9 |       |     6 |       |       ||    15
         Call Imp          |     7 |    18 |    47 |    42 |    50 ||   164
         Call Canine Famil |       |     2 |    14 |    18 |    13 ||    47
         Frozen Ramparts   |       |       |     1 |    38 |    40 ||    79
         Summon Lightning  |       |       |       |    22 |    33 ||    55
  Evoke: Wand              |       |       |     3 |     6 |     7 ||    16
         Condenser vane    |       |       |       |       |     1 ||     1
    Use: Scroll            |       |       |     5 |     1 |    26 ||    32
         Potion            |       |       |       |    10 |     4 ||    14
   Stab: Sleeping          |     4 |     3 |     9 |     2 |    13 ||    31
         Distracted        |       |     1 |     4 |    12 |    20 ||    37
         Invisible         |       |       |       |     1 |     1 ||     2
 Armour: Robe              |    60 |    64 |       |       |       ||   124
         Leather armour    |       |    61 |   242 |   269 |   566 ||  1138
         Skin              |       |       |       |     9 |       ||     9
  Dodge: Dodged            |    94 |   154 |   412 |   552 |  1096 ||  2308
  Block: Buckler           |       |       |       |       |    34 ||    34
